 Dungeon Crawl Stone Soup version 0.31-a0-233-g139696dc86 (webtiles) character file.

Game seed: 16225140933566339832

107 qw the Shooter (level 4, -2/37 HPs)
             Began as a Minotaur Hexslinger on July 9, 2023.
             Killed from afar by an orc wizard (7 damage)
             ... with a puff of flame
             ... on level 3 of the Dungeon.
             The game lasted 00:00:40 (1942 turns).

qw the Shooter (Minotaur Hexslinger)                Turns: 1942, Time: 00:00:41

Health: -2/37      AC:  5    Str: 19    XL:     4   Next: 56%
Magic:  4/4        EV: 11    Int: 10    God:
Gold:   79         SH:  0    Dex: 14    Spells: 4/5 levels left

rFire   . . .        Y - +2 sling
rCold   . . .        (no shield)
rNeg    . . .        i - +0 ring mail
rPois   .            (helmet restricted)
rElec   .            (no cloak)
rCorr   .            (no gloves)
SInv    .            (no boots)
Will    .....        (no amulet)
Stlth   +            d - +6 ring of strength
HPRegen 0.26/turn    (no ring)
MPRegen 0.09/turn

%: no passive effects
@: no status effects
A: horns 2, retaliatory headbutt
a: no special abilities


You were on level 3 of the Dungeon.
You visited 1 branch of the dungeon, and saw 3 of its levels.

You collected 79 gold pieces.


Innate Abilities, Weirdness & Mutations

You have a pair of horns on your head.
You reflexively headbutt those who attack you in melee.


   Skills:
 + Level 2.4 Fighting
 - Level 5.0 Ranged Weapons
 - Level 2.1 Dodging
 - Level 1.0 Spellcasting
 - Level 2.0 Hexes


You had 4 spell levels left.
You knew the following spells:

 Your Spells              Type           Power      Damage    Failure   Level
a - Slow                  Hex            16%        N/A       26%         1

Your spell library contained the following spells:

 Spells                   Type           Power      Damage    Failure   Level
 Inner Flame              Hex/Fire       2%         N/A       75%         3
 Portal Projectile        Hex/Tloc       4%         N/A       75%         3
 Cause Fear               Hex            2%         N/A       95%         4

Inventory:

Hand Weapons
 Y - a +2 sling (weapon)
Armour
 i - a +0 ring mail (worn)
Jewellery
 d - a +6 ring of strength (left hand)
Scrolls
 a - a scroll of identify
Potions
 b - a potion of haste {unknown}
 c - a potion of heal wounds {unknown}
 e - a potion of magic {unknown}
 f - a potion of degeneration {unknown}
 h - 2 potions of cancellation
 j - a potion of curing

Dungeon Overview and Level Annotations

Branches:
Dungeon (3/15)

Altars:


Message History

You kill the orc!
The orc hits you with a +0 flail!
You shoot a sling bullet. The sling bullet hits the orc.
The orc is heavily wounded.
The orc hits you with a +0 flail.
You shoot a sling bullet. The sling bullet barely misses the orc.
The frilled lizard bites you but does no damage.
You shoot a sling bullet.
The sling bullet hits the orc but does no damage.
The orc is heavily wounded.
The frilled lizard closely misses you. The orc barely misses you.
The frilled lizard bites you. The orc hits you with a +0 flail.
Something hits you but does no damage.
You shoot a sling bullet.
The sling bullet closely misses the orc.
The frilled lizard bites you but does no damage.
Something hits you. Something freezes you. The orc barely misses you.
You shoot a sling bullet. The sling bullet hits the orc!
You kill the orc!
The frilled lizard bites you but does no damage.
Something hits you. Something freezes you.
You shoot a sling bullet. The sling bullet hits the orc.
The orc is heavily wounded.
The frilled lizard bites you but does no damage.
The orc closely misses you. Something hits you but does no damage.
The frilled lizard bites you. Something hits you but does no damage.
The orc barely misses you.
You shoot a sling bullet. The sling bullet hits the orc.
You kill the orc!
The frilled lizard bites you. Something hits you. Something freezes you.
You shoot a sling bullet.
The sling bullet misses the frilled lizard.
The frilled lizard closely misses you. Something hits you but does no damage.
You shoot a sling bullet.
The sling bullet hits the frilled lizard!
You kill the frilled lizard!
You hear some strange, mumbled words.
A puff of flame appears from out of thin air!
The puff of flame hits you!
You die...

... .... ..## .....
.....
#...######.....
###...#..........
...........?....
####.....)){......
..........@)......
..................
..................
..................
...#######..........
... #..........
..#######..........
#.........##......
####.........##.....


There were no monsters in sight!

Vanquished Creatures
  6 adders
  A worm (D:2)
  3 orcs (D:3)
  8 endoplasms
  2 goblins (D:1)
  4 hobgoblins
  6 quokkas
  3 ball pythons
  2 bats (D:1)
  4 frilled lizards
  3 kobolds
  4 rats
46 creatures vanquished.

Notes
Turn   | Place    | Note
-------+----------+-------------------------------------------
     0 | D:1      | qw the Minotaur Hexslinger began the quest for the Orb.
     0 | D:1      | Reached XP level 1. HP: 16/16 MP: 1/1
     0 | D:1      | 0 ||| qw: Version: 0.3-a-51-g015441d
     0 | D:1      | 0 ||| qw: Game counter: 3893
     0 | D:1      | 0 ||| qw: Melee chars always use a shield: true
     0 | D:1      | 0 ||| qw: God list: Okawaru
     0 | D:1      | 0 ||| qw: Allow faded altars: false
     0 | D:1      | 0 ||| qw: Do Orc after clearing Dungeon:15 true
     0 | D:1      | 0 ||| qw: Do second Lair branch before Depths: true
     0 | D:1      | 0 ||| qw: Lair rune preference: random
     0 | D:1      | 0 ||| qw: Goals: Normal
     0 | D:1      | 0 ||| PLANNING D:1-11
    91 | D:1      | Reached skill level 3 in Ranged Weapons
   169 | D:1      | Reached XP level 2. HP: 10/23 MP: 2/2
   372 | D:1      | Found a faded altar of an unknown god.
   791 | D:1      | 791 ||| UPGRADING to +0 ring mail.
   801 | D:1      | 801 ||| DROPPING +0 robe.
   802 | D:1      | 802 ||| UPGRADING to +6 ring of strength.
   803 | D:1      | 803 ||| READING 2 scrolls labelled JIMOVV ODANI.
   804 | D:1      | 804 ||| READING scroll labelled MAFFOIZXOEFU.
   805 | D:1      | 805 ||| READING scroll labelled LALYEFI UPSURO.
   809 | D:1      | 809 ||| DRINKING 3 green potions.
   810 | D:1      | 810 ||| DROPPING scroll of poison.
   948 | D:2      | Reached XP level 3. HP: 22/29 MP: 3/3
  1123 | D:2      | Reached skill level 4 in Ranged Weapons
  1184 | D:2      | 1184 ||| FLEEEEING.
  1185 | D:2      | 1185 ||| FLEEEEING.
  1187 | D:2      | 1187 ||| FLEEEEING.
  1188 | D:2      | 1188 ||| FLEEEEING.
  1189 | D:2      | 1189 ||| FLEEEEING.
  1190 | D:2      | 1190 ||| FLEEEEING.
  1191 | D:2      | 1191 ||| FLEEEEING.
  1192 | D:2      | 1192 ||| STAIRDANCE
  1219 | D:1      | 1219 ||| DROPPING +6 ring of intelligence.
  1220 | D:1      | 1220 ||| READING scroll labelled ZITOUB DAQOIKA.
  1273 | D:1      | 1273 ||| DRINKING 2 yellow potions.
  1278 | D:2      | 1278 ||| STAIRDANCE
  1283 | D:1      | Reached XP level 4. HP: 29/36 MP: 4/4
  1497 | D:2      | Reached skill level 5 in Ranged Weapons
  1805 | D:2      | 1805 ||| READING scroll labelled BOIJOG LIUT.
  1828 | D:3      | 1828 ||| PLANNING SEWER
  1940 | D:3      | HP: 8/37 [frilled lizard (2)]
  1942 | D:3      | Killed from afar by an orc wizard

Levels and vault maps discovered:
D:1:      giann_bridges, layout_basic, ebering_ecumenical_altar_webs,
          minmay_box_of_dots
D:2:      layout_basic
D:3:      layout_basic, lemuel_tele_altar, lightli_sewer_entry_pipes,
          uniq_robin, uniq_sigmund, uniq_natasha

Skill      XL: |  1  2  3  4 |
---------------+-------------+-----
Ranged Weapons | 3 4 5 |  5.0
Fighting       | 2 |  2.4
Dodging        | |  2.1
Spellcasting   | |  1.0
Hexes          | |  2.0

Action                     |  1- 3 |  4- 6 || total
---------------------------+-------+-------++-------
   Fire: Sling             |    89 |    53 ||   142
    Use: Scroll            |     4 |     1 ||     5
         Potion            |     2 |       ||     2
 Armour: Robe              |     4 |       ||     4
         Ring mail         |     8 |    14 ||    22
  Dodge: Dodged            |    29 |    14 ||    43

Table legend:
 A = Non-vault XP
 B = Vault XP
 C = Vault XP percentage of total XP
 D = Non-vault monster count
 E = Vault monster count
 F = Vault count percentage of total count
                 A         B        C        D         E       F
            +---------+---------+-------+---------+---------+-------
      Total |     145 |       9 |   5.8 |      41 |       5 |  10.9
            +---------+---------+-------+---------+---------+-------
        D:1 |      34 |       9 |  20.9 |      15 |       5 |  25.0
        D:2 |      99 |       0 |   0.0 |      21 |       0 |   0.0
        D:3 |      12 |       0 |   0.0 |       5 |       0 |   0.0
            +---------+---------+-------+---------+---------+-------
